 Dungeon Crawl Stone Soup version 0.29.1-12-g30fa7ad0bf (webtiles) character file.

Game seed: 1875172023353213117

1034 112233 the Ogre Mage (level 8, -5/83 HPs)
             Began as an Ogre Air Elementalist on Dec 18, 2022.
             Was an Initiate of Gozag.
             Slain by Duvessa
             ... wielding a +2 short sword of venom
              (14 damage)
             ... on level 5 of the Dungeon.
             The game lasted 00:06:00 (7267 turns).

112233 the Ogre Mage (Ogre Air Elementalist)        Turns: 7267, Time: 00:06:01

Health: -5/83      AC:  3    Str: 13    XL:     8   Next: 24%
Magic:  15/19      EV:  9    Int: 18    God:    Gozag
Gold:   164        SH:  0    Dex:  9    Spells: 16/22 levels left

rFire   + . .      SeeInvis .   r - +10 mace "Ogerawn" {vorpal, rF+}
rCold   . . .      Faith    .   (no shield)
rNeg    . . .      Spirit   .   a - +0 robe
rPois   .          Reflect  .   (helmet restricted)
rElec   .          Harm     .   (no cloak)
rCorr   .          Rampage  .   (gloves unavailable)
Will    .....                   (boots unavailable)
Stlth   +.........              (no amulet)
HPRegen 0.23/turn               (no ring)
MPRegen 0.16/turn               (no ring)

@: lethally poisoned (-5 -> -10), gold aura
A: large, unfitting armour, tough skin 1
a: Renounce Religion, Potion Petition, Call Merchant, Bribe Branch


You were on level 5 of the Dungeon.
You worshipped Gozag.
Gozag was aware of your devotion.
You visited 1 branch of the dungeon, and saw 6 of its levels.

You collected 570 gold pieces.
You paid 406 gold pieces to Gozag.

Inventory:

Hand Weapons
 e - a +0 club
 r - the +10 mace "Ogerawn" (weapon) {vorpal, rF+}
   (You found it on level 4 of the Dungeon)

   It inflicts extra damage upon your enemies.
   rF:        It protects you from fire.
Armour
 a - a +0 robe (worn)
 c - a +0 kite shield
Jewellery
 u - an amulet of magic regeneration
Wands
 o - a wand of flame (17)
 p - a wand of iceblast (2)
Scrolls
 d - 7 scrolls of identify {unknown}
 f - 2 scrolls of fear {unknown}
 h - 3 scrolls of teleportation {unknown}
 i - a scroll of poison {unknown}
 j - a scroll of magic mapping {unknown}
 m - a scroll of noise {unknown}
 q - 2 scrolls of enchant armour {unknown}
 t - 3 scrolls of fog {unknown}
Potions
 b - a potion of magic
 k - a potion of curing
 l - a potion of haste {unknown}
 n - a potion of resistance {unknown}
 s - a potion of might {unknown}
 v - a potion of ambrosia {unknown}


   Skills:
 + Level 5.7 Fighting
 - Level 1.8 Dodging
 - Level 1.4 Stealth
 * Level 7.6 Spellcasting
 - Level 1.0 Conjurations
 + Level 5.0 Air Magic


You had 16 spell levels left.
You knew the following spells:

 Your Spells              Type           Power      Damage    Failure   Level
a - Shock                 Conj/Air       68%        1d7       3%          1
b - Static Discharge      Conj/Air       17%        3-6/arc   4%          2
c - Swiftness             Air            25%        N/A       3%          3

Your spell library contained the following spells:

 Spells                   Type           Power      Damage    Failure   Level
 Magic Dart               Conj           40%        1d5       7%          1
 Searing Ray              Conj           20%        2d5       11%         2
 Airstrike                Air            12%        2d(2-18)  13%         4
 Summon Guardian Golem    Hex/Summ       6%         N/A       30%         3
 Fulminant Prism          Conj/Hex       4%         3d6       63%         4
 Orb of Destruction       Conj           5%         9d5       100%        7
 Spellforged Servitor     Conj/Summ      4%         N/A       100%        7


Dungeon Overview and Level Annotations

Branches:
Dungeon (6/15)             Temple (0/1) D:5

Altars:
Fedhas
Gozag
Kikubaaqudgha
Ru
Trog
Uskayaw
Wu Jian
Zin

Shops:
D:1 *

Annotations:
D:2 exclusion: downstairs
D:5 Duvessa


Innate Abilities, Weirdness & Mutations

You are too large for most types of armour.
You have tough skin. (AC +1)


Message History

Dowan hits you with a +0 dagger.
Duvessa hits you with a +2 short sword of venom.
You are poisoned.
Okay, then.
You feel very sick. Dowan barely misses you. Duvessa completely misses you.
There is a stone staircase leading up here.
Casting: Static Discharge (safe; 4% risk of failure)
Confirm with . or Enter, or press ? or * to list all spells.
Dowan is struck by an arc of lightning.
Dowan is heavily wounded.
You are struck by an arc of lightning.
Dowan is struck by an arc of lightning!
Dowan is almost dead.
Duvessa is struck by an arc of lightning!
Duvessa is severely wounded.
The lightning grounds out.
Duvessa is struck by an arc of lightning!
Duvessa is almost dead.
You are struck by an arc of lightning.
Dowan is struck by an arc of lightning!
You kill Dowan!
Duvessa screams in rage.
Duvessa goes berserk!
You are struck by an arc of lightning.
The lightning grounds out.
You feel very sick.
Duvessa hits you with a +2 short sword of venom!
Your Air Magic skill increases to level 5!
You feel sick.
Duvessa hits you with a +2 short sword of venom!
* * * LOW HITPOINT WARNING * * *
Duvessa misses you.
Casting: Static Discharge (safe; 4% risk of failure)
Confirm with . or Enter, or press ? or * to list all spells.
Duvessa is struck by an arc of lightning.
Duvessa is almost dead.
You are struck by an arc of lightning.
* * * LOW HITPOINT WARNING * * *
The lightning grounds out.
You feel sick.
Duvessa hits you with a +2 short sword of venom!
You die...
Your body crumbles into a pile of gold.

..............#......#..#..####
.........###..#....#........#
..........#...#...##......###
......#..................##
....<..#......##..........###
.....).#..##................####
......)#..#.#.....#...#####....#
.......[..#.#.....##### ######.##
.....#...[......@e..# #≈≈≈≈#.#≈
.....#..)........$.######≈≈≈≈#.#≈
...####....###......##..#≈≈≈≈#.#≈
##.## ###### ##.........#≈≈≈##.##
##..# #.....#..##≈≈≈#...# ....#
########.##≈≈≈#.>.# ....#
####≈≈≈#...# .#.## #≈≈≈##### .###
#≈≈≈≈≈≈≈≈


You could see Duvessa (berserk, fast).

Vanquished Creatures
  3 ogres
  A necrophage (D:5)
  2 scorpions (D:5)
  A bullfrog (D:4)
  Dowan (D:5)
  A jelly (D:5)
  2 orc priests
  2 hounds
  2 iguanas (D:5)
  An orc wizard (D:5)
  12 adders
  2 worms (D:2)
  4 dart slugs
  16 orcs
  10 ball pythons
  9 endoplasms
  6 giant cockroaches
  6 goblins
  6 hobgoblins
  3 jackals (D:3)
  6 kobolds
  8 quokkas
  4 bats
  4 frilled lizards
  14 rats
126 creatures vanquished.

Vanquished Creatures (others)
  A fungus (D:1)
  2 plants (D:3)
3 creatures vanquished.

Grand Total: 129 creatures vanquished

Notes
Turn   | Place    | Note
-------+----------+-------------------------------------------
     0 | D:1      | 112233 the Ogre Air Elementalist began the quest for the
                  | Orb.
     0 | D:1      | Reached XP level 1. HP: 16/16 MP: 3/3
    53 | D:1      | Reached skill level 1 in Conjurations
   676 | D:1      | Found Ylyruecs's General Store.
   683 | D:1      | Reached XP level 2. HP: 24/24 MP: 2/5
   743 | D:1      | Reached skill level 3 in Spellcasting
  1086 | D:1      | Reached XP level 3. HP: 32/32 MP: 5/7
  1201 | D:1      | Reached skill level 1 in Fighting
  1606 | D:1      | Found a faded altar of an unknown god.
  1749 | D:1      | Learned a level 2 spell: Static Discharge
  1753 | D:1      | Learned a level 3 spell: Swiftness
  2569 | D:2      | Reached XP level 4. HP: 41/42 MP: 2/9
  2788 | D:2      | Reached skill level 4 in Spellcasting
  2954 | D:3      | Found a hide-covered altar of Uskayaw.
  2980 | D:3      | Found an ancient bone altar of Kikubaaqudgha.
  3125 | D:3      | Found an ornate altar of the Wu Jian Council.
  3135 | D:3      | Reached XP level 5. HP: 44/50 MP: 3/11
  3694 | D:3      | Found a bloodstained altar of Trog.
  3957 | D:3      | Found a sacrificial altar of Ru.
  3957 | D:3      | Found an opulent altar of Gozag.
  3962 | D:3      | Found a blossoming altar of Fedhas.
  3973 | D:3      | Became a worshipper of Gozag Ym Sagoz the Greedy
  4489 | D:3      | Found a glowing silver altar of Zin.
  4556 | D:4      | Reached skill level 5 in Spellcasting
  4556 | D:4      | Reached XP level 6. HP: 61/61 MP: 5/13
  5474 | D:4      | Identified the +10 mace "Ogerawn" {vorpal, rF+}
  5621 | D:5      | Entered Level 5 of the Dungeon
  5804 | D:5      | Reached skill level 6 in Spellcasting
  5804 | D:5      | Reached XP level 7. HP: 63/70 MP: 9/16
  6050 | D:5      | Found a staircase to the Ecumenical Temple.
  6515 | D:5      | Reached skill level 5 in Fighting
  6586 | D:5      | Reached skill level 7 in Spellcasting
  6595 | D:5      | Reached XP level 8. HP: 42/80 MP: 1/18
  7247 | D:6      | Noticed Duvessa
  7247 | D:6      | Noticed Dowan
  7265 | D:5      | Killed Dowan
  7266 | D:5      | Reached skill level 5 in Air Magic
  7267 | D:5      | Slain by Duvessa

Illustrated notes

Levels and vault maps discovered:
D:1:      minmay_arrival_four_houses, layout_basic, serial_shops,
          nicolae_shop_advertising_works [nicolae_subvault_shop_adworks],
          shapermc_ecumenical_altar_ellora, corexii_leaking_fountain,
          minmay_rat_gold_closets
D:2:      layout_loops_cross
D:3:      layout_loops_ring, mainiacjoe_overflow_alcove_4,
          lightli_temple_of_fire, mainiacjoe_overflow_large_starburst,
          zin_treasury, gammafunk_temple_overflow_forgotten, grunt_ministairs_13
D:4:      layout_basic
D:5:      layout_cave_pools, minmay_temple_entry_poolview,
          nicolae_concentric_dashed_squares_mild, minmay_between
D:6:      corexii_shantytown, layout_basic, jmf_multi_god_temple2,
          roderic_nine_men_s_morris, hangedman_minor_gate_pass, uniq_duvessa,
          uniq_blork_the_orc, uniq_sigmund

Skill      XL: |  1  2  3  4  5  6  7  8 |
---------------+-------------------------+-----
Conjurations   | 1 |  1.0
Spellcasting   | 3 4 5 6 7 |  7.6
Air Magic      | 3 4 5 |  5.0
Fighting       | 1 2 3 4 5 |  5.7
Dodging        | |  1.8
Stealth        | |  1.4

Action                   |  1- 3 |  4- 6 |  7- 9 || total
-------------------------+-------+-------+-------++-------
Melee: Unarmed           |     1 |       |       ||     1
       Club              |     5 |    10 |       ||    15
       Mace              |       |       |     1 ||     1
 Cast: Shock             |    87 |   123 |    59 ||   269
       Static Discharge  |     5 |    26 |    22 ||    53
Invok: Potion Petition   |       |       |     1 ||     1
Evoke: Wand              |       |       |     2 ||     2
  Use: Potion            |       |       |     3 ||     3
Armor: Robe              |     5 |    17 |     6 ||    28
Dodge: Dodged            |     7 |    24 |    17 ||    48
